 Dungeon Crawl Stone Soup version 0.30.0-20-g3b4254fcbd (webtiles) character file.

Game seed: 13955662910703986786

11934 IndexError the Scholar (level 11, -9/94 HPs)
             Began as a White Draconian Conjurer on June 2, 2023.
             Was an Elder of Sif Muna.
             Mangled by an orc warrior
             ... wielding a +0 halberd
             ... led by an orc warlord
              (19 damage)
             ... on level 2 of the Orcish Mines.
             The game lasted 00:40:34 (17668 turns).

IndexError the Scholar (White Draconian Conjurer)  Turns: 17668, Time: 00:40:35

Health: -9/94      AC: 13    Str:  9    XL:     11   Next: 55%
Magic:  3/18       EV: 14    Int: 22    God:    Sif Muna [****..]
Gold:   1005       SH:  0    Dex: 11    Spells: 6/20 levels left

rFire   + + .        I - +2 dagger (venom)
rCold   + . .        (no shield)
rNeg    . . .        (body armour unavailable)
rPois   .            (helmet restricted)
rElec   .            G - +2 cloak
rCorr   .            c - +0 pair of gloves
SInv    .            B - +1 pair of boots
Will    .....        J - amulet of faith {Faith, !P}
Stlth   ++           z - ring of protection from fire {rF+, !d}
HPRegen 0.35/turn    E - ring of protection from fire {rF+, !d}
MPRegen 0.16/turn

%: faith
@: no status effects
A: breathe frost, AC +7, unfitting armour, cold resistance 1, cold-blooded
a: Breathe Frost, Renounce Religion, Channel Magic, Forget Spell, Divine
Exegesis


You were on level 2 of the Orcish Mines.
You worshipped Sif Muna.
Sif Muna was greatly pleased with you.
You visited 3 branches of the dungeon, and saw 14 of its levels.

You collected 1005 gold pieces.

Inventory:

Hand Weapons
 f - a +2 falchion
   (You took it off a wight on level 8 of the Dungeon)
 H - a +2 whip of venom
   (You took it off a kobold on level 9 of the Dungeon)
 I - a +2 dagger of venom (weapon)
   (You took it off an orc wizard on level 9 of the Dungeon)
 M - a +4 falchion
   (You took it off a wight on level 9 of the Dungeon)
Missiles
 q - a throwing net {=f, !d}
 A - 5 curare-tipped darts
Armour
 c - a +0 pair of gloves (worn)
   (You found it on level 8 of the Dungeon)
 B - a +1 pair of boots (worn)
   (You found it on level 6 of the Dungeon)
 G - a +2 cloak (worn)
   (You took it off Crazy Yiuf on level 7 of the Dungeon)
Jewellery
 y - an amulet of regeneration {+regen, !d}
   (You found it on level 6 of the Dungeon)
 z - a ring of protection from fire (left hand) {rF+, !d}
   (You found it on level 6 of the Dungeon)
 E - a ring of protection from fire (right hand) {rF+, !d}
   (You found it on level 7 of the Dungeon)
 J - an amulet of faith (around neck) {Faith, !P}
   (You took it off a kobold on level 9 of the Dungeon)
 O - the ring "Qifeit" {rElec rC+ rN+ Int-5 Dex+3}
   (You found it on level 10 of the Dungeon)

   [ring of positive energy]

   Int:       It affects your intelligence (-5).
   Dex:       It affects your dexterity (+3).
   rC:        It protects you from cold.
   rElec:     It insulates you from electricity.
   rN:        It protects you from negative energy.
Wands
 n - a wand of mindburst (12)
   (You found it on level 2 of the Dungeon)
 u - a wand of flame (13)
   (You found it on level 10 of the Dungeon)
 F - a wand of iceblast (7)
   (You found it on level 7 of the Dungeon)
 K - a wand of digging (6)
   (You found it on level 9 of the Dungeon)
Scrolls
 b - 2 scrolls of noise {!r}
 d - 2 scrolls of amnesia
 e - a scroll of blinking {!r}
 i - a scroll of poison {!r}
 j - 2 scrolls of vulnerability {!r!r}
 l - 2 scrolls of teleportation
 o - 2 scrolls of immolation {!r}
 p - 2 scrolls of fear
 r - a scroll of magic mapping {!r}
 L - a scroll of silence
Potions
 a - 2 potions of magic
 g - a potion of invisibility
 h - a potion of flight
 k - 3 potions of attraction {unknown}
 m - 3 potions of lignification {unknown}
 s - 7 potions of might {unknown}
 t - 2 potions of mutation {!q}
 v - 4 potions of heal wounds {unknown}
 w - 2 potions of cancellation
 x - 3 potions of brilliance
 C - 3 potions of curing {unknown}
 D - a potion of berserk rage {!q}
Miscellaneous
 N - a lightning rod (3/4)
   (You found it on level 10 of the Dungeon)


   Skills:
 + Level 8.0 Fighting
 - Level 7.0 Dodging
 - Level 1.7 Stealth
 - Level 5.1 Spellcasting
 - Level 8.1 Conjurations
 - Level 6.0 Hexes
 + Level 5.5 Translocations
 - Level 10.0 Invocations


You had 6 spell levels left.
You knew the following spells:

 Your Spells              Type           Power      Damage    Failure   Level
a - Magic Dart            Conj           100%       1d8       1%          1
b - Searing Ray           Conj           82%        2d7       1%          2
c - Fulminant Prism       Conj/Hex       18%        3d10      5%          4
d - Frozen Ramparts       Ice            10%        1d2       30%         3
x - Iskenderun's Mystic   Conj/Tloc      35%        2d8       6%          4

Your spell library contained the following spells:

 Spells                   Type           Power      Damage    Failure   Level
 Dazzling Flash           Conj/Hex       72%        N/A       1%          3
 Beastly Appendage        Tmut           10%        N/A       10%         1
 Volatile Blastmotes      Fire/Tloc      34%        2d12      10%         3
 Sublimation of Blood     Necr           5%         N/A       16%         2
 Wereblood                Tmut           5%         N/A       16%         2
 Spider Form              Tmut/Pois      5%         N/A       30%         3
 Ice Form                 Ice/Tmut       5%         N/A       69%         4
 Summon Ice Beast         Ice/Summ       5%         N/A       69%         4
 Starburst                Conj/Fire      11%        6d5       96%         6
 Summon Hydra             Summ           2%         N/A       100%        7


Dungeon Overview and Level Annotations

Branches:
Dungeon (11/15)            Temple (1/1) D:5             Orc (2/2) D:9
    Elf (0/3) Orc:2
   Lair: D:8-11

Altars:
Ashenzari
Cheibriados
Dithmenos
Elyvilon
Fedhas
Gozag
Hepliaklqana
Kikubaaqudgha
Makhleb
Nemelex Xobeh
Okawaru
Qazlal
Ru
Sif Muna
Trog
Uskayaw
Vehumet
Wu Jian
Xom
Yredelemnul
Zin
The Shining One


Innate Abilities, Weirdness & Mutations

You can breathe waves of freezing cold which knock back foes.
Your icy white scales are hard. (AC +7)
You cannot fit into any form of body armour.
Your flesh is cold resistant. (rC+)
You are cold-blooded and may be slowed by cold attacks.


Message History

Throw: 6 darts (curare)
Press: ? - help, Shift-Dir - straight line, f - orc warlord
Aim: an orc warlord, wielding a +0 dire flail and wearing a +3 chain mail of willpower (68% to hit)
You throw a curare-tipped dart.
The curare-tipped dart hits the orc warlord.
The orc warlord is poisoned.
The orc warlord convulses.
The orc warlord seems to slow down.
An orc warrior comes into view. It is wielding a +0 long sword.
The orc warlord roars a battlecry!
The orc warrior goes into a battle-frenzy!
Throw: 5 darts (curare)
Press: ? - help, Shift-Dir - straight line, f/p - orc warlord
Aim: an orc warlord, wielding a +0 dire flail and wearing a +3 chain mail of willpower (lightly wounded, very poisoned, slow, 68% to hit)
Okay, then.
Aiming: Thunderbolt
Press: ? - help, Shift-Dir - straight line, f/p - orc warlord
Aim: an orc warlord, wielding a +0 dire flail and wearing a +3 chain mail of willpower (lightly wounded, very poisoned, slow)
The thunderbolt hits the orc warlord but does no damage.
Aiming: Mindburst
Press: ? - help, Shift-Dir - straight line, f/p - orc warlord
Aim: an orc warlord, wielding a +0 dire flail and wearing a +3 chain mail of willpower (lightly wounded, very poisoned, slow, chance to affect: 6%)
Okay, then.
Casting: Searing Ray (safe; 1% risk of failure)
Confirm with . or Enter, or press ? or * to list all spells.
Aiming: Fulminant Prism (dangerous; 5% risk of failure)
Press: ? - help, Dir - move target, p - orc warlord You conjure a prism of explosive energy!
A fulminant prism comes into view.
The orc wizard mumbles some strange words.
The orc wizard flickers and vanishes!
Deactivating autopickup; reactivate with Ctrl-A.
An orc comes into view. It is wielding a +0 dagger.
The orc warlord roars a battlecry!
You now have 14/18 mp.
Casting: Fulminant Prism (dangerous; 5% risk of failure)
Confirm with . or Enter, or press ? or * to list all spells.
Aiming: Fulminant Prism (dangerous; 5% risk of failure)
Press: ? - help, Dir - move target You conjure a prism of explosive energy!
A fulminant prism comes into view.
The orc warrior misses you.
An orc comes into view. It is wielding a +0 short sword.
An orc warrior comes into view. It is wielding a +0 halberd.
Your fulminant prism crackles loudly.
You now have 10/18 mp.
The orc hits your fulminant prism with a +0 dagger.
The orc warrior hits you with a +0 flail!
The orc warlord roars a battlecry!
The blast of energy engulfs the orc warlord!
The blast of energy engulfs the orc warrior.
Your fulminant prism crackles loudly.
You hear a shout!
You take 16 damage, and have 78/94 hp.
The orc warrior misses you. x2; The blast of energy engulfs the orc!
Sif Muna accepts your kill.
The blast of energy engulfs the orc!!
Sif Muna accepts your kill.
The blast of energy engulfs something.
The blast of energy engulfs the orc warlord!
The blast of energy engulfs the cyclops!
You hear a shout!
Casting: Fulminant Prism (dangerous; 5% risk of failure)
Confirm with . or Enter, or press ? or * to list all spells.
Aiming: Fulminant Prism (dangerous; 5% risk of failure)
Press: ? - help, Dir - move target You conjure a prism of explosive energy!
A fulminant prism comes into view.
The orc warrior hits you with a +0 flail!
The orc warrior hits you with a +0 long sword!
You take 22 damage, and have 57/94 hp.
MASSIVE DAMAGE!!
You now have 6/18 mp.
Casting: Fulminant Prism (dangerous; 5% risk of failure)
Confirm with . or Enter, or press ? or * to list all spells.
Aiming: Fulminant Prism (dangerous; 5% risk of failure)
Press: ? - help, Dir - move target You conjure a prism of explosive energy!
A fulminant prism comes into view.
The orc warlord is no longer moving slowly.
The orc warrior hits you with a +0 flail!
The orc warrior hits you with a +0 long sword.
Your fulminant prism crackles loudly.
You take 18 damage, and have 39/94 hp.
You now have 3/18 mp.
You are too injured to fight recklessly!
Something hits you but does no damage. The orc warrior closely misses you.
The orc warrior hits you with a +0 long sword!
Your fulminant prism crackles loudly.
The blast of energy engulfs the cyclops!
The blast of energy engulfs something!!
Sif Muna accepts your kill.
Reactivating autopickup.
You feel a bit more experienced.
The blast of energy engulfs the orc warrior!
The blast of energy engulfs the orc warrior.
The blast of energy engulfs the orc warlord!
You take 7 damage, and have 32/94 hp.
The orc warrior hits you with a +0 flail!
* * * LOW HITPOINT WARNING * * *
The orc warrior hits you with a +0 long sword!
* * * LOW HITPOINT WARNING * * *
The orc warrior hits you from afar with a +0 halberd!!
You die...

......#.............
...........................
...#...#..#...............#
##..#...................>...
#..........................#
##....##..####[.##.........#
##.#.##.##.#.8#.......#..#..##
#........#.#[)#.o#...#.#.....#
#.#.......#..#.@)#.#.......##
##......#.#..#)oo...#.#.....#
#........o#'##o......###....#
..#...........*.C.....##....##
..........#..)..(....#.#...##
.######..#.#.)............## .
#..................#### .
#....#.............#..##
.######..o...................#


You could see an orc warlord (poisoned), a cyclops, 3 orc warriors and a
friendly fulminant prism.

Vanquished Creatures
  A two-headed ogre (D:10)
  An orc knight (D:9)
  A cyclops (D:11)
  A gargoyle (D:10)
  A komodo dragon (D:11)
  A kobold demonologist (D:9)
  Grinder (D:4)
  A hornet (D:7)
  2 shadows (D:10)
  7 yaks (D:10)
  7 steam dragons
  An acid dragon (D:8)
  6 wargs
  3 water moccasins
  A sky beast (D:6)
  A centaur (D:5)
  12 orc warriors
  8 ogres
  2 phantoms (D:6)
  13 kobold brigands
  2 gnoll sergeants
  2 bullfrogs
  2 scorpions (D:7)
  7 wights
  3 killer bees (D:9)
  An electric eel (D:8)
  4 howler monkeys (D:9)
  A lava snake (D:8)
  2 hounds (D:5)
  18 orc priests
  2 gnoll boudas
  A jelly (D:5)
  Crazy Yiuf (D:7)
  7 iguanas
  20 orc wizards
  A sleepcap (D:5)
  21 gnolls
  8 adders
  A shadow imp (D:5)
  A white imp (D:7)
  An ufetubus (D:5)
  4 worms
  4 dart slugs
  47 orcs
  8 bats
  8 endoplasms
  4 giant cockroaches
  4 goblins (D:1)
  12 hobgoblins
  4 jackals (D:4)
  5 quokkas
  9 ball pythons
  4 frilled lizards
  18 kobolds
  8 rats
316 creatures vanquished.

Vanquished Creatures (others)
  12 fulminant prisms
12 creatures vanquished.

Grand Total: 328 creatures vanquished

Notes
Turn   | Place    | Note
-------+----------+-------------------------------------------
     0 | D:1      | IndexError the Draconian Conjurer began the quest for the
                  | Orb.
     0 | D:1      | Reached XP level 1. HP: 14/14 MP: 3/3
   172 | D:1      | Reached skill level 2 in Dodging
   242 | D:1      | Reached XP level 2. HP: 20/20 MP: 0/5
   749 | D:1      | Learned a level 2 spell: Searing Ray
   995 | D:1      | Reached XP level 3. HP: 26/26 MP: 2/6
  1849 | D:2      | Reached XP level 4. HP: 33/33 MP: 4/8
  2204 | D:2      | Reached skill level 3 in Spellcasting
  2790 | D:3      | Reached skill level 3 in Dodging
  2956 | D:3      | Found a white marble altar of Elyvilon.
  3020 | D:3      | Found a snail-covered altar of Cheibriados.
  3554 | D:3      | Found an iron altar of Okawaru.
  3664 | D:3      | Reached XP level 5. HP: 38/38 MP: 5/9
  4538 | D:4      | Reached skill level 5 in Conjurations
  4600 | D:4      | Noticed Grinder
  4621 | D:4      | Paralysed by Grinder for 3 turns
  4631 | D:4      | Paralysed by Grinder for 5 turns
  4635 | D:4      | HP: 9/38 [Grinder (3)]
  4648 | D:4      | Paralysed by Grinder for 4 turns
  4662 | D:4      | Paralysed by Grinder for 3 turns
  4683 | D:4      | Paralysed by Grinder for 3 turns
  4689 | D:4      | Killed Grinder
  4690 | D:4      | Reached skill level 4 in Spellcasting
  4690 | D:4      | Reached XP level 6. HP: 21/45 MP: 2/12
  5040 | D:5      | Entered Level 5 of the Dungeon
  5213 | D:5      | Reached skill level 4 in Dodging
  5299 | D:5      | Found an opulent altar of Gozag.
  5498 | D:5      | Learned a level 4 spell: Fulminant Prism
  5521 | D:5      | Your scales start taking on an icy white colour.
  5521 | D:5      | Reached XP level 7. HP: 50/50 MP: 9/13
  5521 | D:5      | Gained mutation: Your flesh is cold resistant. (rC+) [White
                  | Draconian growth]
  5744 | D:5      | Reached skill level 6 in Conjurations
  5806 | D:5      | Found a staircase to the Ecumenical Temple.
  5869 | Temple   | Entered the Ecumenical Temple
  6064 | Temple   | Became a worshipper of Sif Muna the Loreminder
  6599 | D:5      | Reached skill level 5 in Dodging
  6599 | D:5      | Reached skill level 5 in Spellcasting
  6724 | D:6      | Noticed a steam dragon
  6935 | D:6      | Reached skill level 1 in Fighting
  6935 | D:6      | Reached XP level 8. HP: 35/59 MP: 7/15
  7067 | D:6      | Reached skill level 2 in Fighting
  7067 | D:6      | Reached skill level 7 in Conjurations
  7176 | D:6      | Reached skill level 3 in Fighting
  7594 | D:6      | Reached skill level 6 in Dodging
  7748 | D:6      | Reached * piety under Sif Muna
  7749 | D:6      | Reached skill level 4 in Fighting
  7984 | D:6      | Reached XP level 9. HP: 72/72 MP: 9/16
  8012 | D:6      | Reached skill level 8 in Conjurations
  8298 | D:6      | Learned a level 4 spell: Iskenderun's Mystic Blast
  8465 | D:7      | Reached skill level 5 in Fighting
  8534 | D:7      | Reached skill level 7 in Dodging
  8654 | D:7      | Reached skill level 1 in Invocations
  8670 | D:7      | Reached skill level 1 in Hexes
  8780 | D:7      | Found a glowing silver altar of Zin.
  8831 | D:7      | Reached skill level 2 in Invocations
  8845 | D:7      | Reached skill level 2 in Hexes
  8963 | D:7      | Reached skill level 3 in Invocations
  9139 | D:7      | Found a sparkling altar of Nemelex Xobeh.
  9194 | D:7      | Reached skill level 3 in Hexes
  9355 | D:7      | Reached skill level 4 in Invocations
  9423 | D:7      | Found a runed translucent door.
  9424 | D:7      | Noticed Crazy Yiuf
  9976 | D:7      | Killed Crazy Yiuf
 10185 | D:8      | Reached skill level 4 in Hexes
 10299 | D:8      | Reached skill level 5 in Invocations
 10556 | D:8      | Reached XP level 10. HP: 74/81 MP: 1/17
 10797 | D:8      | Identified the +0 leather armour "Juschu" {*Slow +Blink
                  | rPois Int+5}
 11139 | D:8      | Reached ** piety under Sif Muna
 11140 | D:8      | Reached skill level 5 in Hexes
 11140 | D:8      | Reached skill level 6 in Invocations
 11869 | D:9      | Found a staircase to the Orcish Mines.
 11894 | D:9      | Reached skill level 7 in Invocations
 11962 | D:9      | Reached skill level 6 in Hexes
 12185 | D:9      | Reached skill level 8 in Invocations
 12567 | D:9      | Reached *** piety under Sif Muna
 12784 | D:9      | Reached skill level 9 in Invocations
 12932 | D:10     | Entered Level 10 of the Dungeon
 13234 | D:10     | Identified the ring "Qifeit" {rElec rC+ rN+ Int-5 Dex+3}
 13862 | D:10     | Reached skill level 10 in Invocations
 13910 | D:10     | Noticed a two-headed ogre
 13916 | D:10     | Killed a two-headed ogre
 13917 | D:10     | Reached skill level 1 in Translocations
 13917 | D:10     | Reached XP level 11. HP: 69/88 MP: 10/18
 14063 | D:10     | Reached skill level 2 in Translocations
 14139 | D:10     | Reached skill level 6 in Fighting
 14354 | D:11     | Reached skill level 3 in Translocations
 14618 | D:11     | Learned a level 3 spell: Frozen Ramparts
 14653 | D:11     | Noticed a skeletal warrior
 14981 | Orc:1    | Entered Level 1 of the Orcish Mines
 15176 | Orc:2    | Entered Level 2 of the Orcish Mines
 15176 | Orc:2    | Noticed an orc knight
 15296 | Orc:1    | Reached skill level 4 in Translocations
 15910 | D:9      | Reached skill level 7 in Fighting
 15949 | D:9      | Killed an orc knight
 16706 | Orc:2    | Reached **** piety under Sif Muna
 16783 | Orc:1    | Reached skill level 5 in Translocations
 17024 | Orc:1    | Noticed an orc knight
 17509 | Orc:2    | Reached skill level 8 in Fighting
 17554 | Orc:2    | Found a staircase to the Elven Halls.
 17584 | Orc:2    | Noticed an orc warlord
 17668 | Orc:2    | HP: 21/94 [orc warrior/+0 flail[an orc warlord] (11)]
 17668 | Orc:2    | HP: 10/94 [orc warrior/+0 long sword[an orc warlord] (11)]
 17668 | Orc:2    | Mangled by an orc warrior

Illustrated notes

Levels and vault maps discovered:
D:1:      enne_arrival_octagon_isle, layout_basic, minmay_cupped
D:2:      cheibrodos_old_hovel, layout_loops_ring, chequers_garden
D:3:      wad_crossroads, layout_loops_ring,
          hellmonk_okawaru_the_only_friend_you_need,
          mainiacjoe_overflow_large_starburst
D:4:      layout_layer_cave, uniq_grinder
D:5:      layout_basic, nicolae_gozag_seed_capital, minmay_temple_entry_glass
D:6:      cheibrodos_steamvent, layout_loops_cross, amethyst_killhole
D:7:      layout_basic, nicolae_overflow_crystal_walls, zin_scriptorium,
          uniq_crazy_yiuf_cottage
D:8:      layout_basic, nicolae_lava_and_water, hangedman_decor_clover_reticule
D:9:      layout_gridville, erik_orc_4, special_room [special_room_kobold]
D:10:     layout_stronghold
D:11:     layout_roguey, erik_lair_dragon
Temple:   eino_temple_scatter_basement
Orc:1:    layout_diamond_mine
Orc:2:    grunt_orc_community_town_hall, layout_caves,
          grunt_orc_community_big_house_1, grunt_orc_community_big_house_1,
          grunt_orc_community_house_2, grunt_orc_community_house_2,
          grunt_orc_community_house_2, grunt_orc_community_house_2,
          grunt_orc_community_house_3, minmay_orc_treasury

Skill      XL: |  1  2  3  4  5  6  7  8  9 10 11 |
---------------+----------------------------------+-----
Dodging        | 2 3 4 5 6 7 |  7.0
Spellcasting   | 3 4 5 |  5.1
Conjurations   | 5 6 7 8 |  8.1
Fighting       | 1 4 5 8 |  8.0
Invocations    | 5 10 | 10.0
Hexes          | 4 6 |  6.0
Translocations | 1 5 |  5.5
Stealth        | |  1.7

Action                     |  1- 3 |  4- 6 |  7- 9 | 10-12 || total
---------------------------+-------+-------+-------+-------++-------
  Melee: Dagger            |    23 |     8 |    46 |   119 ||   196
         Tailslap          |     2 |     1 |     7 |    29 ||    39
         Punch             |       |       |     1 |     3 ||     4
         Falchion          |       |       |       |    58 ||    58
  Throw: Dart              |       |       |       |     1 ||     1
   Cast: Magic Dart        |    76 |    88 |   120 |   106 ||   390
         Searing Ray       |     2 |    18 |    56 |    53 ||   129
         Fulminant Prism   |       |       |     3 |    10 ||    13
         Iskenderun's Myst |       |       |       |    32 ||    32
         Frozen Ramparts   |       |       |       |     1 ||     1
Ability: Breathe Frost     |       |       |    33 |    25 ||    58
  Evoke: Wand              |       |       |       |    10 ||    10
         Lightning rod     |       |       |       |     1 ||     1
    Use: Scroll            |       |       |    16 |     6 ||    22
   Stab: Paralysed         |       |       |       |    10 ||    10
         Sleeping          |       |       |       |     1 ||     1
 Armour: Skin              |    22 |     7 |    29 |   117 ||   175
  Dodge: Dodged            |    28 |    22 |    78 |   201 ||   329

Levels and vault maps discovered:
D:1:      enne_arrival_octagon_isle, layout_basic, minmay_cupped
D:2:      cheibrodos_old_hovel, layout_loops_ring, chequers_garden
D:3:      wad_crossroads, layout_loops_ring,
          hellmonk_okawaru_the_only_friend_you_need,
          mainiacjoe_overflow_large_starburst
D:4:      layout_layer_cave, uniq_grinder
D:5:      layout_basic, nicolae_gozag_seed_capital, minmay_temple_entry_glass
D:6:      cheibrodos_steamvent, layout_loops_cross, amethyst_killhole
D:7:      layout_basic, nicolae_overflow_crystal_walls, zin_scriptorium,
          uniq_crazy_yiuf_cottage
D:8:      layout_basic, nicolae_lava_and_water, hangedman_decor_clover_reticule
D:9:      layout_gridville, erik_orc_4, special_room [special_room_kobold]
D:10:     layout_stronghold
D:11:     layout_roguey, erik_lair_dragon
Temple:   eino_temple_scatter_basement
Orc:1:    layout_diamond_mine
Orc:2:    grunt_orc_community_town_hall, layout_caves,
          grunt_orc_community_big_house_1, grunt_orc_community_big_house_1,
          grunt_orc_community_house_2, grunt_orc_community_house_2,
          grunt_orc_community_house_2, grunt_orc_community_house_2,
          grunt_orc_community_house_3, minmay_orc_treasury

Table legend: (Time is in decaauts)
 A = Elapsed time spent in this place.
 B = Non-inter-level travel time spent in this place.
 C = Inter-level travel time spent in this place.
 D = Time resting spent in this place.
 E = Time spent auto-exploring this place.
 F = Levels seen in this place.
 G = Mean time per level.
                   A        B        C        D        E       F      G
               +--------+--------+--------+--------+--------+-----+--------+
         Total |  17716 |  16503 |   1213 |    114 |  13864 |  14 | 1265.4 |
       Dungeon |  15711 |  14615 |   1096 |    114 |  12307 |  11 | 1428.3 |
        Temple |    208 |    171 |     37 |      0 |    154 |   1 |  208.0 |
  Orcish Mines |   1797 |   1718 |     79 |      0 |   1403 |   2 |  898.5 |
               +--------+--------+--------+--------+--------+-----+--------+

Top non-repeatable levels by time:
     D:9: 2169 daAuts
     D:7: 1857 daAuts
    D:10: 1633 daAuts
     D:5: 1584 daAuts
     D:8: 1551 daAuts
     D:6: 1489 daAuts
     D:1: 1431 daAuts
     D:2: 1298 daAuts
     D:4: 1277 daAuts
   Orc:1: 1152 daAuts
     D:3: 1083 daAuts
   Orc:2: 644 daAuts
    D:11: 333 daAuts
  Temple: 208 daAuts

Table legend:
 A = Kills in this place as a percentage of kills in the entire game.
 B = Kills by you in this place as a percentage of kills by you in the entire game.
 C = Kills by friends in this place as a percentage of kills by friends in the entire game.
 D = Other kills in this place as a percentage of other kills in the entire game.
 E = Experience gained in this place as a percentage of experience gained in the entire game.
 F = Experience gained in this place divided by the number of levels of this place that you have seen.
                   A       B       C       D       E      F
               +-------+-------+-------+-------+-------+----------------------
         Total | 100.0 | 100.0 |   N/A |   N/A | 100.0 | 1217.8
       Dungeon |  85.4 |  85.4 |   N/A |   N/A |  84.0 | 1301.4
  Orcish Mines |  14.6 |  14.6 |   N/A |   N/A |  16.0 | 1367.0
               +-------+-------+-------+-------+-------+----------------------
